 Dungeon Crawl Stone Soup version 0.30-a0-840-ga523dec638 (webtiles) character file.

Game seed: 278250022981390853

196126 hikkokomori the Fighter (level 17, -12/146 HPs)
             Began as a Yellow Draconian Earth Elementalist on Mar 2, 2023.
             Was the Champion of Vehumet.
             Mangled by a spriggan defender simulacrum (17 damage)
             ... in an ice cave.
             The game lasted 02:20:23 (43155 turns).

hikkokomori the Fighter (DrEE)                     Turns: 43155, Time: 02:20:24

Health: -12/146    AC: 17    Str: 14    XL:     17   Next: 73%
Magic:  4/32       EV: 26    Int: 24    God:    Vehumet [******]
Gold:   885        SH:  6    Dex: 18    Spells: 3/39 levels left

rFire   + . .      SeeInvis +    P - +10 long sword "Vaunt" {freeze, rN+ Str+3 SInv}
rCold   . . .      Faith    .    J - +0 buckler
rNeg    + + .      Spirit   .    (body armour unavailable)
rPois   .          Reflect  .    q - +5 hat "Naf Liot" {rCorr}
rElec   .          Harm     .    e - +0 cloak
rCorr   +          Rampage  .    S - +0 pair of fencer's gloves {Riposte Dex+3}
Will    +....                    Q - +0 pair of boots
Stlth   +++++                    x - amulet of the acrobat
HPRegen 0.44/turn                U - ring of the Cockroach {rN+ EV+5}
MPRegen 0.23/turn                F - ring "Ibuami" {Contam rF+ EV+5 Int+4 SInv}

@: flying, slowed, very slow
A: spit acid, AC +9, unfitting armour, acidic bite, cold-blooded, acid
resistance, big wings, sense surroundings 1
}: 1/15 runes: gossamer
a: Breathe Acid, Renounce Religion


You were in an ice cave.
You worshipped Vehumet.
Vehumet was exalted by your worship.
You visited 5 branches of the dungeon, and saw 29 of its levels.
You visited 1 bazaar.
You also visited: Ossuary, Ice Cave and Volcano.

You collected 3402 gold pieces.
You spent 2517 gold pieces at shops.

Inventory:

Hand Weapons
 d - the +1 falchion "Waemuf" {speed, Int+5 Dex-2}
   (You bought it in a shop on level 2 of the Orcish Mines)

   Int:       It affects your intelligence (+5).
   Dex:       It affects your dexterity (-2).
 l - the +1 long sword of the Nurturing Gods {flame, rF+}
   (You found it on level 2 of the Dungeon)

   rF:        It protects you from fire.
 E - the +1 mace of the Revolution {antimagic, rCorr Str-3 Dex+7}
   (You bought it in a shop on level 2 of the Orcish Mines)

   Str:       It affects your strength (-3).
   Dex:       It affects your dexterity (+7).
   rCorr:     It protects you from acid and corrosion.
 P - the +10 long sword "Vaunt" (weapon) {freeze, rN+ Str+3 SInv}
   (You bought it in a shop on level 1 of the Orcish Mines)

   Str:       It affects your strength (+3).
   rN:        It protects you from negative energy.
   SInv:      It lets you see invisible.
 W - the +7 captain's cutlass {speed, disarm}
   (You found it on level 5 of the Lair of Beasts)
 Z - the +6 shillelagh "Devastator" {shatter}
   (You found it on level 10 of the Dungeon)
Armour
 e - a +0 cloak (worn)
 n - the +0 pair of gloves "Han Himm" {Will+ Int-2 Stlth+}
   (You found it on level 4 of the Spider Nest)

   Int:       It affects your intelligence (-2).
   Will:      It increases your willpower.
   Stlth:     It makes you more stealthy.
 q - the +5 hat "Naf Liot" (worn) {rCorr}
   (You found it on level 1 of the Spider Nest)

   rCorr:     It protects you from acid and corrosion.
 J - a +0 buckler (worn)
 M - a scarf of invisibility
 Q - a +0 pair of boots (worn)
 S - the +0 pair of fencer's gloves (worn) {Riposte Dex+3}
   (You found it on level 13 of the Dungeon)

   Riposte:   It allows the wearer to riposte with melee weapons, swiftly
   retaliating against missed or blocked melee attacks.
   Dex:       It affects your dexterity (+3).
Jewellery
 o - the ring of Nihilism {*Corrode rC- Int+6 Slay+5 SInv}
   (You acquired it on level 13 of the Dungeon)

   [ring of intelligence]

   Int:       It affects your intelligence (+6).
   Slay:      It affects your accuracy & damage with ranged weapons and melee
   (+5).
   rC:        It makes you vulnerable to cold.
   SInv:      It lets you see invisible.
   *Corrode:  It may corrode you when you take damage.
 x - an amulet of the acrobat (around neck)
 F - the ring "Ibuami" (right hand) {Contam rF+ EV+5 Int+4 SInv}
   (You acquired it on level 2 of the Shoals)

   [ring of evasion]

   EV:        It affects your evasion (+5).
   Int:       It affects your intelligence (+4).
   rF:        It protects you from fire.
   SInv:      It lets you see invisible.
   Contam:    It causes magical contamination when unequipped.
 H - a +4 ring of protection
 T - a ring of poison resistance
 U - the ring of the Cockroach (left hand) {rN+ EV+5}
   (You found it on level 3 of the Spider Nest)

   [ring of evasion]

   EV:        It affects your evasion (+5).
   rN:        It protects you from negative energy.
Wands
 r - a wand of charming (25)
 v - a wand of flame (72)
 y - a wand of iceblast (3)
 A - a wand of digging (9)
 K - a wand of mindburst (3)
Scrolls
 c - 4 scrolls of fear
 g - 11 scrolls of poison
 h - 2 scrolls of enchant armour
 k - 4 scrolls of butterflies
 s - 4 scrolls of fog
 B - a scroll of magic mapping
 G - 2 scrolls of amnesia
 I - 5 scrolls of enchant weapon
 O - 10 scrolls of identify
 R - 10 scrolls of teleportation
 X - 3 scrolls of blinking
Potions
 a - 7 potions of magic
 b - 10 potions of ambrosia
 f - a potion of cancellation
 i - 3 potions of haste
 m - 4 potions of mutation
 p - 8 potions of might
 t - 4 potions of flight
 u - 4 potions of brilliance
 w - 5 potions of lignification
 z - 9 potions of curing
 C - 9 potions of heal wounds
 D - 4 potions of attraction
 L - 3 potions of invisibility
 N - a potion of resistance
 V - 2 potions of berserk rage
Miscellaneous
 j - a condenser vane (inert)
 Y - a tin of tremorstones (inert)


   Skills:
 - Level 12.1 Fighting
 - Level 8.1 Long Blades
 - Level 5.0 Maces & Flails
 + Level 7.0 Dodging
 - Level 10.4 Stealth
 + Level 7.9 Shields
 - Level 11.7 Spellcasting
 - Level 9.7 Conjurations
 - Level 4.6 Summonings
 - Level 11.0 Transmutations
 - Level 4.1 Fire Magic
 + Level 8.3 Ice Magic
 - Level 7.0 Air Magic
 + Level 11.1 Earth Magic
 - Level 6.5 Poison Magic
 + Level 4.3 Evocations


You had 3 spell levels left.
You knew the following spells:

 Your Spells              Type           Power      Damage    Failure   Level
a - Sandblast             Erth           100%       2d20      1%          1
b - Stone Arrow           Conj/Erth      100%       3d13      1%          3
c - Freezing Cloud        Conj/Ice/Air   26%        6-21      1%          5
d - Mephitic Cloud        Conj/Pois/Air  51%        N/A       1%          3
e - Ignite Poison         Fire/Tmut/Pois 48%        N/A       1%          3
f - Irradiate             Conj/Tmut      29%        3d21      1%          5
g - Olgreb's Toxic Radia  Pois           45%        N/A       1%          4
h - Iron Shot             Conj/Erth      29%        9d6       3%          6
i - Statue Form           Tmut/Erth      40%        N/A       9%          6

Your spell library contained the following spells:

 Spells                   Type           Power      Damage    Failure   Level
 Lehudib's Crystal Spear  Conj/Erth      29%        10d8      73%         8
 Polar Vortex             Ice            26%        N/A       100%        9
 Shatter                  Erth           30%        3d25*     100%        9
 Beastly Appendage        Tmut           100%       N/A       1%          1
 Kiss of Death            Conj/Necr      100%       2d13      1%          1
 Magic Dart               Conj           100%       1d8       1%          1
 Sting                    Tmut/Pois      100%       1d8       1%          1
 Call Imp                 Summ           36%        N/A       1%          2
 Cigotuvi's Dreadful Rot  Necr/Pois/Air  70%        N/A       1%          2
 Passwall                 Tmut/Erth      50%        N/A       1%          2
 Poisonous Vapours        Pois/Air       92%        N/A       1%          2
 Wereblood                Tmut           61%        N/A       1%          2
 Hailstorm                Conj/Ice       55%        3d12      1%          3
 Kindle Blastsparks       Fire/Tloc/Air  64%        2d15      1%          3
 Spider Form              Tmut/Pois      54%        N/A       1%          3
 Call Canine Familiar     Summ           36%        N/A       2%          3
 Vhi's Electric Charge    Tloc/Air       62%        N/A       3%          3
 Necrotise                Necr           56%        1d6       5%          1
 Lesser Beckoning         Tloc           28%        N/A       9%          2
 Confusing Touch          Hex            14%        N/A       16%         3
 Gell's Gravitas          Tloc           14%        N/A       16%         3
 Portal Projectile        Hex/Tloc       28%        N/A       16%         3
 Teleport Other           Tloc           14%        N/A       16%         3
 Vampiric Draining        Necr           14%        2d7       16%         3
 Airstrike                Air            24%        2d(4-20)  1%          4
 Ice Form                 Ice/Tmut       57%        N/A       1%          4
 Petrify                  Tmut/Erth      61%        N/A       1%          4
 Arcjolt                  Conj/Air       26%        1d36      1%          5
 Lee's Rapid Deconstruct  Erth           30%        3d16*     1%          5
 Lightning Bolt           Conj/Air       26%        1d42      1%          5
 Fulminant Prism          Conj/Hex       18%        3d10      2%          4
 Iskenderun's Mystic Bla  Conj/Tloc      37%        2d9       2%          4
 Summon Ice Beast         Ice/Summ       45%        N/A       3%          4
 Summon Lightning Spire   Summ/Air       42%        N/A       4%          4
 Yara's Violent Unravell  Hex/Tmut       20%        3d9       4%          5
 Leda's Liquefaction      Hex/Erth       20%        N/A       5%          4
 Eringya's Noxious Bog    Tmut/Pois      27%        N/A       6%          6
 Metabolic Englaciation   Hex/Ice        17%        N/A       26%         5
 Ozocubu's Refrigeration  Ice            26%        4d13      36%         7
 Dispel Undead            Necr           14%        3d10      47%         4
 Summon Mana Viper        Hex/Summ       25%        N/A       50%         5
 Spellforged Servitor     Conj/Summ      24%        N/A       50%         7
 Agony                    Necr           14%        N/A       83%         5
 Simulacrum               Ice/Necr       17%        N/A       83%         6
 Maxwell's Capacitive Co  Air            24%        ∞         98%         8
 Enfeeble                 Hex            7%         N/A       100%        7
 Malign Gateway           Summ/Tloc      12%        N/A       100%        7
 Monstrous Menagerie      Summ           18%        N/A       100%        7
 Ignition                 Fire           16%        3d7       100%        8
 Summon Horrible Things   Summ           18%        N/A       100%        8


Dungeon Overview and Level Annotations

Branches:
Dungeon (15/15)            Temple (0/1) D:4            Lair (5/5) D:9
 Shoals (3/4) Lair:3       Spider (4/4) Lair:3        Slime (0/5) Lair:4
    Orc (2/2) D:9             Elf (0/3) Orc:2        Vaults (0/5) D:13
 Depths (0/4) D:15        Ossuary (visited)           IceCv (1/1)
Volcano (visited)

Altars:
Cheibriados
Elyvilon
Fedhas
Kikubaaqudgha
Nemelex Xobeh
Okawaru
Vehumet
Wu Jian
Xom
Yredelemnul
Jiyva
Lugonu

Shops:
Orc:1 (   Orc:2 ([((

Portals:
Abyss: Lair:5

Annotations:
D:5 1 runed translucent door
Lair:2 3 runed translucent doors, cforsyth's ghost, journeyman KoBr


Innate Abilities, Weirdness & Mutations

You can spit globs of acid.
Your golden yellow scales are hard. (AC +9)
You cannot fit into any form of body armour.
You have acidic saliva.
You are cold-blooded and may be slowed by cold attacks.
You are resistant to acid. (rCorr)
Your large and strong wings let you fly.
You passively map a small area around you.


Message History

Vehumet accepts your kill.
You feel your power returning.
No target in view!
A spriggan defender simulacrum comes into view.
A spriggan defender simulacrum is nearby!
A spriggan defender simulacrum is nearby!
The iron shot hits the spriggan defender simulacrum!!!
The spriggan defender simulacrum is severely damaged.
The spriggan defender simulacrum completely misses you.
You slash the spriggan defender simulacrum!
The spriggan defender simulacrum is almost destroyed.
The spriggan defender simulacrum hits you!
The spriggan defender simulacrum freezes you!!!
The spriggan defender simulacrum hits you.
The spriggan defender simulacrum freezes you!!
You are too injured to fight recklessly!
You are too injured to fight recklessly!
You are too injured to fight recklessly!
Casting: Iron Shot (dangerous; 3% risk of failure)
Confirm with . or Enter, or press ? or * to list all spells.
Aiming: Iron Shot (dangerous; 3% risk of failure)
Press: ? - help, Shift-Dir - straight line, f/p - spriggan defender simulacrum
Aim: a spriggan defender simulacrum (almost destroyed, 46% to hit)
The iron shot misses the spriggan defender simulacrum.
You block the spriggan defender simulacrum's attack.
You barely miss the spriggan defender simulacrum.
Your bite misses the spriggan defender simulacrum.
The spriggan defender simulacrum is almost destroyed.
The spriggan defender simulacrum hits you!
The spriggan defender simulacrum freezes you!!!
You feel yourself slow down.
* * * LOW HITPOINT WARNING * * *
The spriggan defender simulacrum hits you but does no damage.
You completely miss the spriggan defender simulacrum.
The spriggan defender simulacrum is almost destroyed.
The spriggan defender simulacrum hits you but does no damage.
The spriggan defender simulacrum hits you!
* * * LOW HITPOINT WARNING * * *
The spriggan defender simulacrum freezes you!
You die...

* * [, , * ... , , #.
* ..# * ###### * ##
.# #.. *##....# .
,,.# ,.####..
*##..#... ..# .#
....# #..####. *
#...##.* ##..#
#..###.. #....###..#
##...##.. #...#.Z####
##.⌠.##...
###...@#..##
#...####..
####.#...#####.#[####
##.##...##.#.## #
#######....## ######


You could see a spriggan defender simulacrum.

Vanquished Creatures
  Jorgrun (Spider:2)
  Asterion (Spider:1)
  Agnes (D:14)
  2 emperor scorpions
  Aizul (Spider:1)
  2 orc warlords (Orc:2)
  4 ghost moths
  A very ugly thing (IceCv)
  A broodmother (Spider:4)
  2 spark wasps
  A merfolk javelineer (Shoals:2)
  Josephine (Shoals:1)
  2 merfolk impalers
  2 entropy weavers (Spider:4)
  2 ice dragons (D:15)
  4 vault guards (D:13)
  4 hydras
  3 jorogumos
  5 radroaches
  A death knight (D:14)
  4 two-headed ogres
  A catoblepas (D:10)
  7 centaur warriors
  A two-headed ogre (shapeshifter) (Lair:5)
  9 boulder beetles
  5 death yaks (Lair:5)
  A tengu warrior (D:13)
  An orc high priest (Orc:1)
  A satyr (Shoals:2)
  A hell hog (Volcano)
  Urug (D:12)
  Nergalle (D:11)
  2 thrashing horrors (Lair:5)
  6 skysharks
  Amaemon (D:9)
  2 sun moths
  A fire crab (Volcano)
  5 pharaoh ants
  A sea snake (Shoals:3)
  6 skeletal warriors
  3 large abominations (Lair:5)
  5 orb spiders
  Pikel (D:8)
  6 spriggan simulacra (IceCv)
  10 harpies
  12 steelbarb worms
  3 orc knights
  13 ugly things
  15 wolf spiders
  4 manticores
  3 orc sorcerers
  11 cyclopes
  7 fauns (Shoals:2)
  5 moths of wrath
  5 black mambas
  2 ice statues (Shoals:3)
  A water nymph (Shoals:1)
  21 elephants
  2 smoke demons (Lair:5)
  2 merfolk sirens
  2 molten gargoyles (Volcano)
  14 cane toads
  5 demonic crawlers
  A gargoyle (D:10)
  6 torpor snails
  An orange demon (D:9)
  An unseen horror (D:12)
  2 kobold demonologists
  2 rime drakes
  3 tengu conjurers (D:13)
  An anaconda simulacrum (IceCv)
  2 efreet (D:13)
  A komodo dragon (shapeshifter) (Lair:5)
  13 komodo dragons
  An ancient zyme (Lair:5)
  A freezing wraith (D:14)
  3 ice devils (IceCv)
  6 trolls
  10 meliai
  2 merfolk (Shoals:2)
  3 wind drakes (Shoals:2)
  15 tarantellas
  Prince Ribbit (D:7)
  3 snapping turtles
  36 blink frogs
  13 dream sheep
  11 slime creatures
  16 culicivoras
  2 jumping spiders (shapeshifter)
  A centaur simulacrum (D:15)
  A vampire (D:13)
  A water elemental (Shoals:1)
  A spriggan (Lair:5)
  20 jumping spiders
  8 wraiths
  46 yaks
  A shadow (D:13)
  2 fire bats (Volcano)
  2 wyverns
  5 minotaur simulacra (IceCv)
  A ynoxinul (Lair:5)
  A basilisk (shapeshifter) (D:15)
  48 redbacks
  11 basilisks
  2 steam dragons
  8 vampire mosquitoes
  2 acid dragons
  4 wargs
  19 water moccasins
  3 hell hounds (Volcano)
  A hydra simulacrum (IceCv)
  3 sky beasts
  38 orc warriors
  3 black bears
  2 alligator simulacra (IceCv)
  4 ice beasts
  5 boggarts (D:15)
  8 ogres
  3 wolves (Lair:1)
  20 centaurs
  3 lemures (D:9)
  13 small abominations (Lair:5)
  A phantom (D:4)
  8 bullfrogs
  2 kobold brigands
  8 deep troll simulacra (IceCv)
  A necrophage (D:5)
  A gnoll sergeant (D:5)
  8 scorpions
  6 killer bees
  9 electric eels
  4 howler monkeys
  A centaur zombie (Ossuary)
  6 lava snakes (Volcano)
  A gnoll bouda (D:6)
  2 hounds (D:5)
  Crazy Yiuf (D:7)
  21 orc priests
  2 human zombies (Ossuary)
  13 iguanas
  27 orc wizards
  Natasha (thrice) (D:4)
  A mummy (Ossuary)
  7 gnolls
  6 adders
  2 shadow imps
  A white imp (D:7)
  An ufetubus (D:6)
  An adder zombie (Ossuary)
  7 worms
  3 dart slugs
  114 orcs
  5 bats
  10 endoplasms
  15 giant cockroaches
  8 goblins
  6 hobgoblins
  17 kobolds
  3 quokkas
  6 ball pythons
  13 frilled lizards
  4 hobgoblin zombies (Ossuary)
  3 jackal zombies
  7 kobold zombies (Ossuary)
  9 orc zombies (Ossuary)
  3 rats
  A rat zombie (Ossuary)
1074 creatures vanquished.

Vanquished Creatures (collateral kills)
  A killer bee (D:7)
1 creature vanquished.

Vanquished Creatures (others)
  A manticore (D:13)
  A yak (D:9)
  3 killer bees (D:7)
  An electric eel (D:13)
  2 iguanas (D:13)
  4 frilled lizards (D:13)
  A bush (Lair:5)
  31 fungi
  91 plants
135 creatures vanquished.

Grand Total: 1210 creatures vanquished

Notes
Turn   | Place    | Note
-------+----------+-------------------------------------------
     0 | D:1      | hikkokomori the Draconian Earth Elementalist began the
                  | quest for the Orb.
     0 | D:1      | Reached XP level 1. HP: 14/14 MP: 3/3
   169 | D:1      | Reached XP level 2. HP: 20/20 MP: 3/5
   748 | D:2      | Reached XP level 3. HP: 24/26 MP: 0/6
  1153 | D:2      | Found a faded altar of an unknown god.
  1177 | D:2      | Reached XP level 4. HP: 33/33 MP: 4/7
  1321 | D:2      | Identified the +1 long sword of the Nurturing Gods {flame,
                  | rF+}
  1589 | D:3      | Noticed a scorpion
  1642 | D:3      | Gained mutation: Your body sometimes deteriorates upon
                  | taking damage. [potion of mutation]
  1650 | D:3      | Killed a scorpion
  1651 | D:3      | Reached XP level 5. HP: 26/38 MP: 8/8
  1937 | D:3      | Found a shimmering altar of Xom.
  1963 | D:3      | Found a white marble altar of Elyvilon.
  1989 | D:3      | Found an ornate altar of the Wu Jian Council.
  2269 | D:3      | Found a radiant altar of Vehumet.
  2290 | D:3      | Became a worshipper of Vehumet
  2429 | D:3      | Found an ancient bone altar of Kikubaaqudgha.
  2455 | D:4      | Noticed a black bear
  2459 | D:4      | Killed a black bear
  2460 | D:4      | Reached XP level 6. HP: 43/45 MP: 4/9
  2531 | D:4      | Noticed Natasha
  2535 | D:4      | Killed Natasha
  2536 | D:4      | Reached skill level 5 in Earth Magic
  2583 | D:4      | Found a staircase to the Ecumenical Temple.
  2918 | D:4      | Noticed Natasha
  3001 | D:4      | Killed Natasha
  3185 | D:4      | Noticed Natasha
  3188 | D:4      | Killed Natasha
  3375 | D:5      | Entered Level 5 of the Dungeon
  3444 | D:5      | Reached skill level 5 in Stealth
  3577 | D:5      | Your scales start taking on a golden yellow colour.
  3577 | D:5      | Reached XP level 7. HP: 37/50 MP: 4/10
  3577 | D:5      | Gained mutation: You are resistant to acid. (rCorr) [Yellow
                  | Draconian growth]
  3717 | D:5      | Noticed a human
  3718 | D:5      | Found a runed translucent door.
  3722 | D:5      | Found a basalt altar of Yredelemnul.
  3779 | D:5      | Identified the +1 robe of Polytheism {rF+ rC+}
  4339 | D:5      | Reached * piety under Vehumet
  4339 | D:5      | Offered knowledge of Freeze by Vehumet.
  4576 | D:6      | Reached XP level 8. HP: 57/57 MP: 5/11
  4680 | D:6      | Found a sparkling altar of Nemelex Xobeh.
  5296 | D:6      | Found an iron altar of Okawaru.
  5793 | D:7      | Learned a level 3 spell: Stone Arrow
  5799 | D:7      | Learned a level 5 spell: Freezing Cloud
  5835 | D:7      | Reached ** piety under Vehumet
  5835 | D:7      | Offered knowledge of Momentum Strike by Vehumet.
  5836 | D:7      | Reached XP level 9. HP: 63/63 MP: 9/12
  5890 | D:7      | Reached skill level 1 in Fighting
  5891 | D:7      | Reached skill level 1 in Ice Magic
  5891 | D:7      | Reached skill level 1 in Air Magic
  6102 | D:7      | Noticed Prince Ribbit
  6110 | D:7      | Killed Prince Ribbit
  6111 | D:7      | Reached skill level 2 in Fighting
  6195 | D:7      | Found a sand-covered staircase.
  6201 | Ossuary  | Entered an ossuary
  6377 | Ossuary  | Offered knowledge of Poisonous Vapours by Vehumet.
  6546 | D:7      | Found a runed translucent door.
  6547 | D:7      | Noticed Crazy Yiuf
  6595 | D:7      | Found a snail-covered altar of Cheibriados.
  6706 | D:7      | Reached skill level 3 in Fighting
  6947 | D:7      | Killed Crazy Yiuf
  7168 | D:8      | Reached *** piety under Vehumet
  7658 | D:8      | Reached skill level 1 in Shields
  7658 | D:8      | Reached skill level 1 in Conjurations
  8030 | D:9      | Found a staircase to the Orcish Mines.
  8063 | D:9      | Offered knowledge of Dazzling Flash by Vehumet.
  8195 | D:9      | Reached skill level 4 in Fighting
  8353 | D:9      | HP: 2/71 [yak (4)]
  8366 | D:9      | Reached XP level 10. HP: 20/78 MP: 14/14
  8680 | D:9      | Noticed Pikel
  8710 | D:8      | Killed Pikel
  8849 | D:9      | Noticed a cyclops
  8859 | D:9      | Killed a cyclops
  8859 | D:9      | HP: 4/80 [spore (16)]
  9157 | D:9      | Found a staircase to the Lair.
  9451 | D:9      | Noticed Amaemon
  9451 | D:9      | Noticed an orange demon
  9458 | D:9      | Killed Amaemon
  9459 | D:9      | Reached skill level 5 in Fighting
  9469 | D:9      | Killed an orange demon
  9469 | D:9      | Reached **** piety under Vehumet
  9482 | D:9      | Learned a level 3 spell: Mephitic Cloud
  9486 | D:9      | Learned a level 3 spell: Ignite Poison
  9672 | D:10     | Entered Level 10 of the Dungeon
  9683 | D:10     | Offered knowledge of Inner Flame by Vehumet.
  9685 | D:10     | Reached skill level 1 in Fire Magic
  9685 | D:10     | Reached skill level 5 in Ice Magic
  9686 | D:10     | Reached skill level 5 in Air Magic
  9941 | D:10     | Noticed a two-headed ogre
  9942 | D:10     | Noticed a two-headed ogre
  9942 | D:10     | Noticed a boulder beetle
  9942 | D:10     | Noticed a gargoyle
  9942 | D:10     | Noticed a catoblepas
  9942 | D:10     | Found the +6 shillelagh "Devastator" {shatter}
  9951 | D:10     | Noticed a two-headed ogre
 10004 | Lair:1   | Entered Level 1 of the Lair of Beasts
 10005 | Lair:1   | Noticed a black mamba
 10080 | Lair:1   | Noticed a cane toad
 10085 | Lair:1   | Killed a cane toad
 10250 | Lair:1   | Reached XP level 11. HP: 86/86 MP: 17/17
 10419 | Lair:1   | Noticed a skyshark
 10427 | Lair:1   | Killed a skyshark
 11427 | Lair:2   | Reached skill level 5 in Spellcasting
 11543 | Lair:2   | Found a runed translucent gate.
 11544 | Lair:2   | Found a runed translucent gate.
 11582 | Lair:2   | Reached skill level 5 in Conjurations
 11793 | Lair:2   | Reached skill level 5 in Shields
 12187 | Lair:2   | Reached ***** piety under Vehumet
 12187 | Lair:2   | Offered knowledge of Irradiate by Vehumet.
 12200 | Lair:2   | Learned a level 5 spell: Irradiate
 12339 | Lair:2   | Noticed cforsyth's ghost (journeyman KoBr)
 12340 | Lair:2   | Noticed a skyshark
 12591 | Lair:2   | Found a runed translucent gate.
 12828 | Lair:3   | Noticed a skyshark
 12835 | Lair:3   | Killed a skyshark
 12963 | Lair:3   | Noticed a five-headed hydra
 12970 | Lair:3   | Killed a five-headed hydra
 12971 | Lair:3   | Reached XP level 12. HP: 79/94 MP: 15/20
 13356 | Lair:3   | Reached skill level 1 in Long Blades
 13416 | Lair:3   | Found a staircase to the Shoals.
 13496 | Lair:3   | Reached skill level 6 in Fighting
 13717 | Lair:3   | Found a hole to the Spider Nest.
 14384 | Lair:3   | Learned a level 4 spell: Olgreb's Toxic Radiance
 14398 | Lair:4   | Noticed a six-headed hydra
 14404 | Lair:4   | Killed a six-headed hydra
 14405 | Lair:4   | Reached skill level 7 in Fighting
 14405 | Lair:4   | Reached skill level 1 in Poison Magic
 14406 | Lair:4   | Noticed a boulder beetle
 14529 | Lair:4   | Killed a boulder beetle
 14802 | Lair:4   | Reached XP level 13. HP: 86/105 MP: 12/23
 14804 | Lair:4   | Reached skill level 5 in Transmutations
 14884 | Lair:4   | Identified the +5 quarterstaff "Ejemuk" {freeze, rPois}
 15211 | Lair:4   | Found a staircase to the Slime Pits.
 15212 | Lair:4   | Found a viscous altar of Jiyva.
 16135 | Lair:5   | Entered Level 5 of the Lair of Beasts
 16251 | Lair:5   | Found a dark tunnel.
 16351 | Lair:5   | Reached skill level 8 in Fighting
 16351 | Lair:5   | Reached skill level 5 in Long Blades
 16365 | Volcano  | Entered a volcano
 16960 | Volcano  | Found a bloodstained altar of Trog.
 17413 | Lair:5   | Reached skill level 5 in Poison Magic
 17909 | Lair:5   | Offered knowledge of Flame Wave by Vehumet.
 18045 | Lair:5   | Gained mutation: You have acidic saliva. [Yellow Draconian
                  | growth]
 18045 | Lair:5   | Reached XP level 14. HP: 116/116 MP: 10/26
 18602 | Lair:5   | Reached skill level 9 in Fighting
 18775 | Lair:5   | Found the +7 captain's cutlass {speed, disarm}
 18776 | Lair:5   | Found a corrupted altar of Lugonu.
 18776 | Lair:5   | Found a one-way gate to the infinite horrors of the Abyss.
 18867 | Lair:5   | Identified the +4 hand axe "Weobu" {pain, rPois rCorr
                  | Int-4}
 20331 | Orc:1    | Entered Level 1 of the Orcish Mines
 20447 | Orc:1    | Found Unytyj's Antique Weapon Shop.
 20494 | Orc:2    | Entered Level 2 of the Orcish Mines
 20724 | Orc:2    | Found Maomizib's Antique Weapon Shop.
 20844 | Orc:2    | Noticed an orc warlord
 20848 | Orc:2    | Reached skill level 1 in Maces & Flails
 20861 | Orc:2    | Killed an orc warlord
 21290 | Orc:2    | Reached ****** piety under Vehumet
 21562 | Orc:2    | Offered knowledge of Eringya's Noxious Bog by Vehumet.
 21583 | Orc:2    | Found Omashreyr's Weapon Shoppe.
 21625 | Orc:2    | Found a staircase to the Elven Halls.
 21695 | Orc:2    | Noticed an orc warlord
 21719 | Orc:2    | Killed an orc warlord
 22128 | Orc:2    | Found Plog's Antique Weapon Boutique.
 22132 | Orc:2    | Found Onycaf's Antique Armour Shop.
 22147 | Orc:2    | Bought a pair of embroidered gloves for 195 gold pieces
 22770 | Orc:1    | Reached skill level 10 in Fighting
 23147 | Orc:2    | Learned a level 6 spell: Eringya's Noxious Bog
 23197 | Orc:2    | Bought a glimmering falchion for 208 gold pieces
 23197 | Orc:2    | Identified the +1 falchion "Waemuf" {speed, Int+5 Dex-2}
                  | (You bought it in a shop on level 2 of the Orcish Mines)
 23197 | Orc:2    | Bought a fading mace for 208 gold pieces
 23197 | Orc:2    | Identified the +1 mace of the Revolution {antimagic, rCorr
                  | Str-3 Dex+7} (You bought it in a shop on level 2 of the
                  | Orcish Mines)
 23197 | Orc:2    | Bought an ancient war axe for 221 gold pieces
 23197 | Orc:2    | Identified the +5 war axe of Courage {flame, rPois Str+3}
                  | (You bought it in a shop on level 2 of the Orcish Mines)
 23240 | Orc:1    | Bought a twisted long sword for 272 gold pieces
 23240 | Orc:1    | Identified the +10 long sword "Vaunt" {freeze, rN+ Str+3
                  | SInv} (You bought it in a shop on level 1 of the Orcish
                  | Mines)
 23366 | D:11     | Noticed Nergalle
 23373 | D:11     | Killed Nergalle
 23742 | D:11     | Reached XP level 15. HP: 81/126 MP: 12/28
 24171 | D:12     | Noticed Urug
 24176 | D:12     | Killed Urug
 24932 | D:12     | Found a blossoming altar of Fedhas.
 25387 | D:13     | Offered knowledge of Conjure Ball Lightning by Vehumet.
 25768 | D:13     | Found the +0 pair of fencer's gloves {Riposte Dex+3}
 26147 | D:13     | Found a gate to the Vaults.
 26171 | D:13     | Reached skill level 5 in Maces & Flails
 26271 | D:13     | Identified a scroll of acquirement
 26273 | D:13     | Acquired the ring of Nihilism {*Corrode rC- Int+6 Slay+5
                  | SInv}
 27058 | D:14     | Reached skill level 10 in Stealth
 27097 | D:14     | Noticed Agnes
 27104 | D:14     | Killed Agnes
 27750 | D:14     | Reached skill level 5 in Dodging
 28743 | D:15     | Entered Level 15 of the Dungeon
 29128 | D:15     | Found a flickering gateway to a bazaar.
 29140 | Bazaar   | Entered a bazaar
 29140 | Bazaar   | Found Curghaum's Assorted Antiques.
 29140 | Bazaar   | Found Dexasask's Distillery.
 29205 | Bazaar   | Found Vaoxocu's Antique Weapon Emporium.
 29214 | Bazaar   | Found Tiomour's General Store.
 29260 | Bazaar   | Found Fuis's Assorted Antiques.
 29268 | Bazaar   | Bought 2 potions of magic for 384 gold pieces
 29268 | Bazaar   | Bought a scroll of fear for 96 gold pieces
 29276 | Bazaar   | Bought a potion of haste for 120 gold pieces
 29276 | Bazaar   | Bought 3 potions of heal wounds for 180 gold pieces
 29276 | Bazaar   | Bought a potion of haste for 120 gold pieces
 29284 | Bazaar   | Bought a scroll labelled WISTRY ACUMI for 33 gold pieces
 29300 | Bazaar   | Bought a condenser vane for 480 gold pieces
 29412 | D:15     | Offered knowledge of Spellforged Servitor by Vehumet.
 29422 | D:15     | Learned a level 7 spell: Spellforged Servitor
 29706 | D:15     | HP: 5/128 [ice dragon/blast of cold (63)]
 29712 | D:15     | Reached skill level 1 in Evocations
 29713 | D:15     | Found a staircase to the Depths.
 30771 | Spider:1 | Entered Level 1 of the Spider Nest
 30806 | Spider:1 | Noticed Asterion
 30815 | Spider:1 | Killed Asterion
 30816 | Spider:1 | Reached XP level 16. HP: 68/136 MP: 14/29
 30838 | Spider:1 | Reached skill level 10 in Spellcasting
 30858 | Spider:1 | Reached skill level 1 in Summonings
 31198 | Spider:1 | Identified the +5 morningstar of Ubbas {protect, rC+ rN+}
 31749 | Spider:1 | Noticed Aizul
 31761 | Spider:1 | Killed Aizul
 32250 | Spider:1 | Identified the +5 hat "Naf Liot" {rCorr}
 32870 | Spider:2 | Offered knowledge of Fireball by Vehumet.
 33539 | Spider:2 | Reached skill level 10 in Earth Magic
 33736 | Spider:2 | Noticed Jorgrun
 33742 | Spider:2 | Killed Jorgrun
 35590 | Spider:3 | Identified the ring of the Cockroach {rN+ EV+5}
 35625 | Spider:3 | Reached skill level 11 in Fighting
 35746 | Spider:3 | Paralysed by a jorogumo for 3 turns
 35927 | Spider:3 | Reached skill level 10 in Transmutations
 36669 | Spider:4 | Entered Level 4 of the Spider Nest
 36705 | Spider:4 | Learned a level 6 spell: Statue Form
 36985 | Spider:4 | Gained mutation: You are occasionally teleported next to
                  | monsters. [mutagenic glow]
 36987 | Spider:4 | Lost mutation: Your body sometimes deteriorates upon taking
                  | damage. [potion of mutation]
 36987 | Spider:4 | Lost mutation: You are occasionally teleported next to
                  | monsters. [potion of mutation]
 36987 | Spider:4 | Gained mutation: Your large and strong wings let you fly.
                  | [potion of mutation]
 36987 | Spider:4 | Gained mutation: You passively map a small area around you.
                  | [potion of mutation]
 37168 | Spider:4 | Reached XP level 17. HP: 94/144 MP: 32/32
 37401 | Spider:4 | Offered knowledge of Iron Shot by Vehumet.
 37505 | Spider:4 | Learned a level 6 spell: Iron Shot
 38317 | Spider:4 | Reached skill level 12 in Fighting
 39080 | Spider:4 | Identified the +0 pair of gloves "Han Himm" {Will+ Int-2
                  | Stlth+}
 39082 | Spider:4 | Got a gossamer rune of Zot
 39484 | Shoals:1 | Entered Level 1 of the Shoals
 40137 | Shoals:1 | Noticed Josephine
 40147 | Shoals:1 | Killed Josephine
 40779 | Shoals:2 | Offered knowledge of Lehudib's Crystal Spear by Vehumet.
 40779 | Shoals:2 | Offered knowledge of Shatter by Vehumet.
 40779 | Shoals:2 | Offered knowledge of Polar Vortex by Vehumet.
 40976 | Shoals:2 | Acquired the ring "Ibuami" {Contam rF+ EV+5 Int+4 SInv}
 41972 | Shoals:3 | Found a frozen archway.
 42148 | IceCv    | Entered an ice cave
 43155 | IceCv    | HP: 5/146 [spriggan defender simulacrum (12)]
 43155 | IceCv    | Mangled by a spriggan defender simulacrum

Illustrated notes

Levels and vault maps discovered:
D:1:      lemuel_arrival_broad_hall, layout_rooms, minmay_misc_feat_chi,
          hangedman_decor_lopped
D:2:      layout_rooms, dreamdust_ecumenical_altar_hidden_monk_grotto
D:3:      minmay_roachtagon, layout_loops_ring,
          nicolae_overflow_quartered_altars, vehumet_altar_wand_db
D:4:      layout_basic, minmay_temple_entry_waves, corexii_hall_statues_t,
          nicolae_concentric_dashed_squares_mild, uniq_natasha
D:5:      layout_layer_cave, dk_yredelemnul_ordeal, cheibrodos_sewer_entry_bend,
          kennysheep_cross_bottleneck, kennysheep_decorative_pillar
D:6:      layout_gridville, lemuel_crystal_altar, kennysheep_okawaru_gauntlet,
          serial_co_window_serial, co_window_of_opportunity_a,
          co_window_paths_b, co_window_paths_a, co_window_paths_a,
          co_window_corner_a, co_window_unsneaky_path_e, co_window_corner_ca,
          co_window_unsneaky_path_c, co_window_of_opportunity_c,
          co_window_corner_b, co_window_unsneaky_path_b, co_window_corner_b,
          glass_columns_b, glass_columns_a, glass_columns_b, glass_columns_b,
          glass_columns_b
D:7:      layout_cave_pools, chei_slow_surprise, enter_ossuary_2,
          uniq_prince_ribbit1, uniq_crazy_yiuf_cottage
D:8:      layout_gridville
D:9:      layout_loops_ring, lair_entry_dummy, david_orc_5, eino_tiny_chamber,
          uniq_pikel, uniq_amaemon
D:10:     minmay_roctagon, layout_irregular_city
D:11:     layout_rooms, minmay_misc_feat_enclosed, minmay_circle_x,
          uniq_nergalle
D:12:     layout_basic, palyth_stone_intersect, fedhas_altar_4, uniq_urug
D:13:     lemuel_reptile_caves, layout_long_grid,
          lightli_vaults_fourway_checkpoint
D:14:     layout_stronghold, serial_bayou, serial_bayou_lagoon_a,
          serial_bayou_pond_c, serial_bayou_shore_b, serial_bayou_pond_e,
          nicolae_twisting_strands, uniq_agnes
D:15:     grunt_enter_depths_hoard, layout_loops_cross, serial_shops,
          bzr_entry_water, hangedman_decor_opposing
Lair:1:   layout_misc_corridors, serial_rivers, chequers_serial_rivers_micro_e,
          chequers_serial_rivers_room_b, chequers_serial_rivers_small_b,
          chequers_serial_rivers_large_b, chequers_serial_rivers_micro_c,
          serial_bayou_shore_b, serial_bayou_shore_a, lemuel_fruit_fields
Lair:2:   layout_gridlike, gammafunk_ghost_split, wad_woods_river_03
Lair:3:   layout_gridlike, minmay_shoals_entry_centaurs,
          nicolae_spider_entry_non_spiders, serial_bayou_crossing,
          grunt_megastairs_4
Lair:4:   layout_regular_city, slime_entry_1, nicolae_quartered_pool_little,
          grunt_megastairs_2
Lair:5:   hellmonk_lair_end_abyssal_woods, layout_gridlike, enter_volcano_1,
          st_stairs_5, guppyfry_lair_drakes, infiniplex_staircase_pool_2
Shoals:1: layout_shoals, nicolae_shoals_seven_spires, uniq_josephine
Shoals:2: layout_shoals, nicolae_shoals_nautilus_by_nature
Shoals:3: layout_shoals, portal_ice_cave_entry_ice_statue_two
Spider:1: layout_spider_delve, hellmonk_motheaten_closet,
          hangedman_spider_tarantella_strand, uniq_aizul, uniq_asterion
Spider:2: layout_chambers, uniq_jorgrun
Spider:3: layout_cave_pods, nicolae_spider_cling_halls
Spider:4: hellmonk_spider_rune_bug_friends
Orc:1:    layout_caves, serial_shops, shop
Orc:2:    grunt_orc_community_town_hall, layout_diamond_mine,
          grunt_orc_community_big_house_2, grunt_orc_community_big_house_1,
          grunt_orc_community_house_2, grunt_orc_community_house_3,
          grunt_orc_community_house_1, grunt_orc_community_house_1,
          grunt_orc_community_house_3
IceCv:    ice_cave_caverns_03

Skill      XL: |  1  2  3  4  5  6  7  8  9 10 11 12 13 14 15 16 17 |
---------------+----------------------------------------------------+-----
Stealth        | 2 3 4 5 6 8 9 10 | 10.4
Dodging        | 2 5 6 7 |  7.0
Earth Magic    | 4 5 7 8 9 10 11 | 11.1
Fighting       | 4 5 7 8 10 11 12 | 12.1
Ice Magic      | 3 5 6 7 8 |  8.3
Air Magic      | 3 5 6 7 |  7.0
Shields        | 1 3 5 6 7 |  7.9
Conjurations   | 1 4 5 7 8 9 |  9.7
Spellcasting   | 3 4 5 7 8 9 11 | 11.7
Fire Magic     | 2 4 |  4.1
Transmutations | 2 4 7 8 10 11 | 11.0
Long Blades    | 4 5 6 8 |  8.1
Poison Magic   | 2 5 6 |  6.5
Maces & Flails | 3 5 |  5.0
Evocations     | 1 2 4 |  4.3
Summonings     | 4 |  4.6

Action                     |  1- 3 |  4- 6 |  7- 9 | 10-12 | 13-15 | 16-18 || total
---------------------------+-------+-------+-------+-------+-------+-------++-------
  Melee: Unarmed           |     4 |       |       |       |       |       ||     4
         Short sword       |    18 |       |       |       |       |       ||    18
         Tailslap          |     4 |     4 |     5 |    14 |    89 |    96 ||   212
         Long sword        |       |    81 |    35 |    72 |   238 |   432 ||   858
         Punch             |       |     1 |       |       |       |       ||     1
         Shillelagh        |       |       |       |       |   155 |       ||   155
         Bite              |       |       |       |       |    56 |    90 ||   146
         Falchion          |       |       |       |       |    30 |       ||    30
         Cutlass           |       |       |       |       |     1 |       ||     1
   Cast: Sandblast         |    55 |    57 |   228 |   165 |    66 |     2 ||   573
         Stone Arrow       |       |       |     2 |    12 |    87 |    11 ||   112
         Freezing Cloud    |       |       |       |    57 |   128 |    54 ||   239
         Irradiate         |       |       |       |     2 |    24 |    19 ||    45
         Olgreb's Toxic Ra |       |       |       |     1 |    84 |    29 ||   114
         Mephitic Cloud    |       |       |       |     1 |     2 |     1 ||     4
         Ignite Poison     |       |       |       |       |    50 |    17 ||    67
         Eringya's Noxious |       |       |       |       |     3 |       ||     3
         Statue Form       |       |       |       |       |       |     3 ||     3
         Iron Shot         |       |       |       |       |       |    83 ||    83
Ability: Breathe Acid      |       |       |     6 |     7 |     7 |     6 ||    26
  Evoke: Wand              |       |       |     9 |       |       |     2 ||    11
         Tin of tremorston |       |       |       |       |     1 |     3 ||     4
         Condenser vane    |       |       |       |       |       |     1 ||     1
    Use: Potion            |       |     3 |     3 |       |     8 |     6 ||    20
         Scroll            |       |     6 |     7 |     5 |    14 |     6 ||    38
   Stab: Sleeping          |       |     9 |     1 |     1 |     7 |    13 ||    31
         Distracted        |       |       |       |       |     1 |     2 ||     3
 Armour: Skin              |    17 |    47 |    74 |    73 |   183 |   230 ||   624
  Dodge: Dodged            |    16 |   101 |   167 |   104 |   302 |   503 ||  1193
  Block: Buckler           |       |       |       |    52 |   137 |   161 ||   350
Riposte: Long sword        |       |       |       |       |    17 |   122 ||   139
         Falchion          |       |       |       |       |    17 |       ||    17

Table legend: (Time is in decaauts)
 A = Elapsed time spent in this place.
 B = Non-inter-level travel time spent in this place.
 C = Inter-level travel time spent in this place.
 D = Time resting spent in this place.
 E = Time spent auto-exploring this place.
 F = Levels seen in this place.
 G = Mean time per level.
                   A        B        C        D        E       F      G
               +--------+--------+--------+--------+--------+-----+--------+
         Total |  43869 |  42014 |   1855 |   6314 |  27107 |  33 | 1329.4 |
       Dungeon |  18129 |  17314 |    815 |   1703 |  12051 |  15 | 1208.6 |
          Lair |   8783 |   8388 |    395 |   1342 |   5586 |   5 | 1756.6 |
        Shoals |   2674 |   2612 |     62 |    224 |   1841 |   3 |  891.3 |
   Spider Nest |   8801 |   8577 |    224 |   1529 |   5577 |   4 | 2200.2 |
  Orcish Mines |   2972 |   2614 |    358 |    349 |   1586 |   2 | 1486.0 |
        Bazaar |    173 |    173 |      0 |      0 |    123 |   1 |  173.0 |
       Ossuary |    323 |    323 |      0 |      0 |    201 |   1 |  323.0 |
      Ice Cave |   1009 |   1009 |      0 |    706 |    122 |   1 | 1009.0 |
       Volcano |   1001 |   1001 |      0 |    460 |     18 |   1 | 1001.0 |
               +--------+--------+--------+--------+--------+-----+--------+

Top non-repeatable levels by time:
Spider:2: 2802 daAuts
Spider:4: 2699 daAuts
  Lair:5: 2478 daAuts
   Orc:2: 2283 daAuts
    D:13: 2095 daAuts
Spider:1: 2033 daAuts
  Lair:3: 1993 daAuts
     D:9: 1935 daAuts
    D:14: 1700 daAuts
    D:15: 1658 daAuts
  Lair:1: 1559 daAuts
  Lair:2: 1518 daAuts
Shoals:2: 1421 daAuts
     D:6: 1322 daAuts
Spider:3: 1265 daAuts
